Unix NetHack Version 5.0.0-0 post-release - last build May 31 2026 23:59:36 (970b52f25bf058293b47ddfd14a1e40e571c508c,branch:main).

Game began 2026-06-09 11:56:59, ended 2026-06-09 12:37:02.

AndiBanandi, lawful female dwarven Valkyrie

                         ---
                         ....
                         .............-
                         ...............
                         ...............
                         ...   .........          ----
                         ...   .G.......          |..|  ---
                         ...   --.....--          |..|  |.--  ---
                         ...    --....-           |.--  |..----.----
                         ....    |....  ---       |..|  --.......|.--   ---
                         ....    |....h.Y@|     ----.--- --..........  --.--
                         -...    |........|     |..|...------..---...---....
                        --...    --......--   ---...........................
                   ------...      --.        --..........)--.------......
                   .............----.....-----^..............|    ---
                   ----.--............................--....--
                         ......------GG.-------.....-
                                              ---.---

AndiBanandi the Skirmisher  St:17 Dx:14 Co:19 In:9 Wi:8 Ch:8  Lawful
Dlvl:9  $:130 HP:0(60) Pw:8(8) AC:0  Xp:5 T:2932 

Latest messages:
 You miss the owlbear.
 The owlbear hits!
 The owlbear misses!
 You are being crushed.
 You see a peaceful gnome.
 You hit the owlbear!
 The owlbear hits!
 The owlbear hits again!
 You are being crushed.
 You cannot escape from the owlbear!
 You cannot escape from the owlbear!
 The owlbear hits!
 The owlbear hits again!
 You are being crushed.
 What do you want to drink?
 Never mind.
 What do you want to read?
 As you read the scroll, it disappears.
 This is an identify scroll.
 You see an owlbear.
 You see a peaceful dwarf.
 You see a peaceful gnomish wizard.
 You see a peaceful gnome lord.
 You see a peaceful gnome.
 m - an uncursed amulet versus poison named NC (being worn).
 You see an owlbear.
 You see a peaceful dwarf.
 You see a peaceful gnomish wizard.
 You see a peaceful gnome lord.
 You see a peaceful gnome.
 C - a blessed scroll of create monster.
 You see an owlbear.
 You see a peaceful dwarf.
 You see a peaceful gnomish wizard.
 You see a peaceful gnome lord.
 You see a peaceful gnome.
 u - an uncursed potion of oil named NC.
 You see an owlbear.
 You see a peaceful dwarf.
 You see a peaceful gnomish wizard.
 You see a peaceful gnome lord.
 You see a peaceful gnome.
 U - a wand of light (0:15).
 The owlbear hits!
 You die...
 Do you want your possessions identified? [ynq] (y) y
 Do you want to see your attributes? [ynq] (y) y
 Do you want an account of creatures vanquished? [ynaq] (y) n
 Do you want to see your conduct and achievements? [ynq] (y) y
 Do you want to see the dungeon overview? [ynq] (y) y

Inventory:
 Coins    ('$')
  $ - 130 gold pieces
 Amulets  ('"')
  m - an uncursed amulet versus poison named NC (being worn)
 Weapons  (')')
  e - 7 +0 arrows
  f - 8 cursed -1 arrows
  w - a +0 bow
  y - 4 +0 shuriken (at the ready)
  b - a +0 dagger (alternate weapon; not wielded)
  k - a cursed -1 dagger
  a - a +1 dwarvish spear (weapon in right hand)
  H - a blessed +0 orcish dagger
  p - a +0 orcish dagger
  B - a cursed +1 broadsword
  E - a cursed +1 long sword named cursed
 Armor    ('[')
  o - an uncursed +0 orcish helm (being worn)
  O - an uncursed +0 pair of gauntlets of dexterity (being worn)
  c - an uncursed +3 small shield (being worn)
  r - a cursed +0 cloak of magic resistance named cursed
  I - a blessed +1 studded leather armor (being worn)
 Comestibles  ('%')
  F - 9 cursed apples named cursed
  G - 2 cursed carrots named cursed
  d - 3 uncursed food rations
  n - an uncursed lembas wafer
  K - an uncursed lichen corpse
 Scrolls  ('?')
  C - a blessed scroll of create monster
  v - a cursed scroll of earth named cursed
  s - an uncursed scroll of identify named NC
 Spellbooks  ('+')
  t - an uncursed spellbook of cure blindness
 Potions  ('!')
  u - an uncursed potion of oil named NC
  i - an uncursed potion of speed named NC
 Rings    ('=')
  z - a cursed ring of polymorph named cursed
 Wands    ('/')
  U - a wand of light (0:15)
 Tools    ('(')
  J - an uncursed blindfold named NC
  M - an uncursed skeleton key
  x - a blessed tallow candle
  g - a cursed tin opener
  D - an uncursed towel
 Gems/Stones  ('*')
  N - an uncursed sapphire
  W - 2 uncursed worthless pieces of blue glass
  L - 3 uncursed worthless pieces of green glass
  q - an uncursed worthless piece of orange glass
  V - an uncursed worthless piece of red glass
  A - an uncursed worthless piece of violet glass
  h - 2 cursed worthless pieces of white glass

AndiBanandi the Valkyrie's attributes:

Background:
 You were a Skirmisher, a level 5 dwarven Valkyrie.
 You were lawful, on a mission for Tyr
 who was opposed by Odin (neutral) and Loki (chaotic).
 You were right-handed.
 You were in the Gnomish Mines, on level 9.
 You entered the dungeon 2932 turns ago.
 You had 241 experience points, 79 more were needed to attain level 6.

Basics:
 You had 0 out of 60 hit points.
 You had all 8 energy points (spell power).
 Your armor class was 0.
 Your wallet contained 130 zorkmids.
 Autopickup was on for '$"/!?+' plus thrown.

Final Characteristics:
 Your strength was 17 (limit:18/100).
 Your dexterity was 14 (limit:20).
 Your constitution was 19 (limit:20).
 Your intelligence was 9 (limit:16).
 Your wisdom was 8 (limit:16).
 Your charisma was 8 (limit:16).

Final Status:
 You were held by an owlbear (west).
 You weren't hungry.
 You were unencumbered.
 You were wielding a spear.
 You had basic skill with spear.

Final Attributes:
 You were piously aligned.
 You were cold resistant.
 You were poison resistant.
 You were telepathic.
 You had infravision.
 You were stealthy.
 You were warded.
 You were very fast.
 You are dead.

Miscellaneous:
 You encountered 1 bones level.
 Total elapsed playing time was 38 minutes and 23 seconds.

Major events:
 Turn
    1: AndiBanandi the lawful dwarven Valkyrie entered the dungeon
 1094: entered the Gnomish Mines
 1172: attained the rank of Skirmisher (level 3)
 1810: reached Mine Town
 2932: killed by an owlbear

Spells:
 Name                 Level Category     Fail Retention
 cure blindness         2   healing      100%  76%-100%

Skills:
 Fighting Skills
   bare handed combat [Unskilled]
   two weapon combat  [Unskilled]
   riding             [Unskilled]
 Weapon Skills
   dagger             [Basic]
   axe                [Unskilled]
   pick-axe           [Unskilled]
   short sword        [Unskilled]
   broadsword         [Unskilled]
   long sword         [Unskilled]
   two-handed sword   [Unskilled]
   saber              [Unskilled]
   hammer             [Unskilled]
   quarterstaff       [Unskilled]
   polearms           [Unskilled]
   spear              [Basic]
   trident            [Unskilled]
   lance              [Unskilled]
   sling              [Unskilled]
 Spellcasting Skills
   attack spells      [Unskilled]
   escape spells      [Unskilled]

Voluntary challenges:
 Your character was not rerolled.
 You never genocided any monsters.
 You never polymorphed an object.
 You never changed form.
 You used no wishes.
Achievements:
 You entered the Gnomish Mines.
 You attained the rank of Skirmisher.
 You entered Minetown.

 The Dungeons of Doom: levels 1 to 2
    Level 1:
       A fountain.
    Level 2:
       A fountain, a sink.
       Stairs down to The Gnomish Mines.
 The Gnomish Mines: levels 3 to 9
    Level 3:
    Level 4:
       A grave.
       Final resting place for
          pots164-Kni-Hum-Fem-Law, slipped while mounting a saddled pony.
    Level 5:
    Level 6:
    Level 9: <- You were here.
       Final resting place for
          you, killed by an owlbear.


Vanquished creatures:
  a ghost
  2 ponies
  2 shriekers
  a gnome leader
  a floating eye
  4 dwarves
  5 hill orcs
  a giant bat
 an iguana
  a coyote
  a hobbit
 13 gnomes
  2 jackals
  a fox
  a kobold
  3 goblins
  7 grid bugs
  5 bats
  4 lichens
  3 newts
59 creatures vanquished.

No species were genocided or became extinct.

Game over:
                       ----------
                      /          \
                     /    REST    \
                    /      IN      \
                   /     PEACE      \
                  /                  \
                  |   AndiBanandi    |
                  |      130 Au      |
                  |   killed by an   |
                  |     owlbear      |
                  |                  |
                  |                  |
                  |       2026       |
                 *|     *  *  *      | *
        _________)/\\_//(\/(/\)/\//\/|_)_______

Farvel AndiBanandi the Valkyrie...

You died in The Gnomish Mines on dungeon level 9 with 1501 points,
and 130 pieces of gold, after 2932 moves.
You were level 5 with a maximum of 60 hit points when you died.

